 Dungeon Crawl Stone Soup version 0.17-a0-968-gf8e1f1d (webtiles) character file.

296 inmateoo the Vexing (level 6, -1/41 HPs)
             Began as a Vampire Enchanter on May 9, 2015.
             Slain by a crocodile (20 damage)
             ... in a sewer.
             The game lasted 00:06:17 (2180 turns).

inmateoo the Vexing (Vampire Enchanter)             Turns: 2180, Time: 00:06:18

Health: -1/41      AC:  4    Str:  7    XL:     6   Next: 12%
Magic:  1/10       EV: 13    Int: 19    God:
Gold:   148        SH:  0    Dex: 15    Spells: 3 memorised, 5 levels left

rFire  . . .     SeeInvis +     a - +2 dagger
rCold  + + .     Clarity  .     b - +1 robe
rNeg   + + +     SustAb   +     (no shield)
rPois  +         Gourm    .     p - +0 helmet
rElec  .         Spirit   .     (no cloak)
rCorr  .         Warding  .     (no gloves)
rMut   .         Stasis   .     (no boots)
MR     .....                    (no amulet)
Stlth  ++++......               (no ring)
                                g - ring of sustain abilities

@: very slightly contaminated, regenerating slowly, not resistant to hostile
enchantments, stealthy
A: fangs 3, see invisible, unbreathing
a: Bat Form


You were in a sewer.
You were near bloodless.

You visited 1 branch of the dungeon, and saw 3 of its levels.
You also visited: Sewer.

You collected 148 gold pieces.

Inventory:

Hand weapons
 a - a +2 dagger (weapon)
Missiles
 o - a throwing net (quivered)
Armour
 b - a +1 robe (worn)
 p - a +0 helmet (worn)
Jewellery
 g - a ring of sustain abilities (left hand)
Scrolls
 i - 2 scrolls of remove curse
 j - a scroll of magic mapping
Potions
 d - a potion of blood
 e - a potion of brilliance
 h - a potion of might
 l - 2 potions of curing
 n - a potion of berserk rage {unknown}
Books
 c - a book of Maledictions

   Spells                             Type                      Level
   a - Corona                         Hexes                        1
   b - Ensorcelled Hibernation        Hexes/Ice                    2
   c - Confuse                        Hexes                        3
   d - Tukima's Dance                 Hexes                        3
   e - Dazzling Spray                 Conjuration/Hexes            3


   Skills:
 + Level 3.0 Short Blades
 + Level 3.1 Dodging
 + Level 6.0 Stealth
 + Level 3.1 Spellcasting
 * Level 6.6 Hexes


You had 5 spell levels left.
You knew the following spells:

 Your Spells              Type           Power        Failure   Level  Hunger
a - Corona                Hex            ####...      1%          1    None
b - Ensorcelled Hibernat  Hex/Ice        ###...       8%          2    ##.....
c - Confuse               Hex            ####....     3%          3    ###....


Dungeon Overview and Level Annotations

Branches:
Dungeon (3/15)

Altars:
Kikubaaqudgha
Nemelex Xobeh
Okawaru
Trog
Vehumet
Xom
Zin


Innate Abilities, Weirdness & Mutations

You heal slowly.
You have razor-sharp teeth.
You have supernaturally acute eyesight.
You can survive without breathing.


Message History

The crocodile bites you!!
Casting: Ensorcelled Hibernation
Confirm with . or Enter, or press ? or * to list all spells.
Aiming: Ensorcelled Hibernation
Press: ? - help, Shift-Dir - straight line, f/p - crocodile
Aim: a crocodile (chance 46%)
The crocodile looks drowsy...
The helpless crocodile fails to defend itself.
You bite the crocodile, and draw its blood!
You feel better.
You feel slightly less thirsty.
You impale the crocodile!!
The crocodile is almost dead.
The crocodile bites you.
Casting: Ensorcelled Hibernation
Confirm with . or Enter, or press ? or * to list all spells.
Aiming: Confuse
Press: ? - help, Shift-Dir - straight line, f/p - crocodile
Aim: a crocodile (almost dead, chance 57%)
The crocodile resists with significant effort.
The crocodile bites you!!
You die...

####### ##$$!!$##
#..$$$..#
#.......#
#.......#
#.......#
#...t...# #..@..#
###.### #######
#.# ##.....## #.#
##...≈...#
#.#######...≈≈≈...
#..........≈≈≈≈≈.∩
#.#######...≈≈≈...
#.# ##...≈...# #.#
##.....##


You could see a crocodile.

Vanquished Creatures
  Sigmund (D:3)
  4 adders (D:2)
  A gnoll (D:1)
  An ooze (D:1)
  5 worms
  7 giant geckos
  An orc (D:3)
  A ball python (D:2)
  9 bats
  4 giant cockroaches
  10 hobgoblins
  2 jackals (D:1)
  7 kobolds
  A quokka (D:3)
  A giant newt (D:1)
  5 goblins
  8 rats
68 creatures vanquished.

Notes
Turn   | Place    | Note
--------------------------------------------------------------
     0 | D:1      | inmateoo, the Vampire Enchanter, began the quest for the Orb.
     0 | D:1      | Reached XP level 1. HP: 13/13 MP: 3/3
   161 | D:1      | Reached XP level 2. HP: 13/19 MP: 5/5
   223 | D:1      | Learned a level 2 spell: Ensorcelled Hibernation
   380 | D:1      | Reached skill level 5 in Hexes
   449 | D:1      | Reached XP level 3. HP: 20/24 MP: 1/6
  1028 | D:2      | Found a radiant altar of Vehumet.
  1028 | D:2      | Found a glowing silver altar of Zin.
  1029 | D:2      | Found a sparkling altar of Nemelex Xobeh.
  1032 | D:2      | Found an iron altar of Okawaru.
  1033 | D:2      | Found an ancient bone altar of Kikubaaqudgha.
  1033 | D:2      | Found a shimmering altar of Xom.
  1035 | D:2      | Found a bloodstained altar of Trog.
  1050 | D:2      | Reached skill level 5 in Stealth
  1264 | D:2      | Reached XP level 4. HP: 30/30 MP: 0/7
  1505 | D:2      | Learned a level 3 spell: Confuse
  2043 | D:3      | Noticed Sigmund
  2053 | D:3      | Killed Sigmund
  2053 | D:3      | Reached skill level 6 in Stealth
  2053 | D:3      | Reached XP level 5. HP: 35/35 MP: 6/9
  2053 | D:3      | Reached XP level 6. HP: 41/41 MP: 6/10
  2101 | D:3      | Found a glowing drain.
  2107 | Sewer    | Entered a sewer
  2180 | Sewer    | Slain by a crocodile

Action                   |  1- 3 |  4- 6 || total
-------------------------+-------+-------++-------
Melee: Dagger            |   105 |    71 ||   176
 Cast: Corona            |     3 |       ||     3
       Ensorcelled Hiber |    24 |    18 ||    42
       Confuse           |       |     1 ||     1
  Use: Scroll            |     8 |     3 ||    11
       Potion            |       |     1 ||     1
 Stab: Sleeping          |    19 |    21 ||    40
